[Event "Titled Tuesday Blitz February 21 Late 2023"]
[White "Krishnan, Varun"]
[Black "Manukyan, Sargis V."]
[WhiteFideId "5054508"]
[BlackFideId "13303465"]
[WhiteElo "2341"]
[BlackElo "2253"]
[Result "0-1"]
[Round "04"]
[TimeControl "180+2"]
[Date "2023.02.21"]
[WhiteClock "0:00:04"]
[BlackClock "0:00:24"]

1. d4 Nf6 2. c4 g6 3. g3 Bg7 4. Bg2 d5 5. cxd5 Nxd5 6. Nf3 Nb6 7. O-O O-O 8. Nc3 Nc6 9. e3 Bg4 10. h3 Bxf3 11. Qxf3 e5 12. d5 Na5 13. Qe2 Nac4 14. b3 Nd6 15. Bb2 f5 16. Nb5 Rf7 17. Rac1 a6 18. Nxd6 Qxd6 19. Qc2 Nxd5 20. Qc5 Rd8 21. Rfd1 c6 22. Qa5 e4 23. Ba3 Qc7 24. Qa4 Rfd7 25. Bf1 Kh8 26. Qc4 Be5 27. Bc5 Kg7 28. b4 h5 29. h4 Nf6 30. Rxd7+ Qxd7 31. Bb6 Re8 32. Qc2 Nd5 33. Bc5 Rd8 34. Bc4 Bf6 35. Bxd5 Qxd5 36. a4 Qd3 37. Qa2 Qd2 38. Rc2 Qe1+ 39. Kh2 Rd1 0-1


[Site "https://www.chess.com"]

[Event "Titled Tuesday Blitz February 21 Late 2023"]
[White "Miszler, Levente"]
[Black "Chor, Kevin"]
[WhiteFideId "763276"]
[BlackFideId "2090740"]
[WhiteElo "2271"]
[BlackElo "1944"]
[Result "0-1"]
[Round "04"]
[TimeControl "180+2"]
[Date "2023.02.21"]
[WhiteClock "0:00:12"]
[BlackClock "0:00:08"]

1. Nf3 c5 2. c4 g6 3. g3 Bg7 4. Bg2 Nc6 5. Nc3 Nf6 6. O-O O-O 7. d3 a6 8. a3 Rb8 9. Rb1 b5 10. cxb5 axb5 11. b4 cxb4 12. axb4 d5 13. Bf4 Rb7 14. Qd2 Nh5 15. Bh6 e5 16. Rfc1 Qd6 17. Bxg7 Nxg7 18. e4 d4 19. Nd5 f5 20. Rc5 Ne6 21. Rxc6 Qxc6 22. Nxe5 Qd6 23. f4 Nc7 24. Nxc7 Rxc7 25. Qa2+ Be6 26. Qa5 fxe4 27. Bxe4 Rb8 28. Nf3 Qe7 29. Ng5 Ra7 30. Qxa7 Qxa7 31. Nxe6 Qa2 32. Rc1 Qxe6 33. Rc5 Kg7 34. Rc7+ Kh6 35. Kg2 Rc8 36. Ra7 Rc2+ 37. Kf3 Qh3 38. f5 Qh5+ 39. Kf4 Rf2+ 40. Ke5 Rxf5+ 41. Kxd4 Qxh2 42. Bxf5 gxf5 43. Ke5 Qxg3+ 44. Kxf5 Qf2+ 45. Ke4 Qxa7 0-1


[Site "https://www.chess.com"]

[Event "Titled Tuesday Blitz February 21 Late 2023"]
[White "Fernandez Garcia, Gumersindo"]
[Black "Petukhov, Dmitry"]
[WhiteFideId "24516740"]
[BlackFideId "4142748"]
[WhiteElo "2160"]
[BlackElo "2350"]
[Result "1-0"]
[Round "04"]
[TimeControl "180+2"]
[Date "2023.02.21"]
[WhiteClock "0:00:17"]
[BlackClock "0:00:02"]

1. e4 c5 2. Nf3 d6 3. c3 Nf6 4. Be2 e5 5. O-O Be7 6. d4 Qc7 7. dxe5 dxe5 8. Qc2 O-O 9. Bg5 h6 10. Bxf6 Bxf6 11. Rd1 Nc6 12. Nbd2 Ne7 13. Nc4 Ng6 14. Ne3 Nf4 15. Bc4 Be6 16. Nd5 Nxd5 17. Bxd5 Bg4 18. Qe2 Rad8 19. h3 Bh5 20. g4 Bg6 21. Nh2 b6 22. Nf1 Bg5 23. Ng3 Bf4 24. Nf5 Kh7 25. Kh1 f6 26. a4 Bf7 27. c4 g6 28. Ne3 Bxe3 29. fxe3 Bxd5 30. exd5 e4 31. Qh2 Qxh2+ 32. Kxh2 f5 33. Rf1 Kg7 34. gxf5 Rxf5 35. Rxf5 gxf5 36. a5 b5 37. cxb5 Rxd5 38. Rc1 Kf6 39. Kg3 Ke5 40. b6 axb6 41. axb6 Kd6 42. b7 Kc7 43. b4 Kxb7 44. Rxc5 Rd3 45. Kf4 Rd1 46. Rxf5 Rf1+ 47. Kxe4 Rb1 48. Rb5+ Kc6 49. Rc5+ Kd6 50. Rc4 Rh1 51. Rd4+ Kc6 52. Kf5 Rxh3 53. e4 h5 54. e5 h4 55. Re4 Kd7 56. e6+ Ke7 57. Rc4 Rf3+ 58. Kg4 Rf1 59. Kxh4 Kxe6 60. Rd4 1-0


[Site "https://www.chess.com"]

[Event "Titled Tuesday Blitz February 21 Late 2023"]
[White "Deng, Henry"]
[Black "Nilsen, Tobias Lang"]
[WhiteFideId "30965454"]
[BlackFideId "1521624"]
[WhiteElo "2168"]
[BlackElo "2247"]
[Result "0-1"]
[Round "04"]
[TimeControl "180+2"]
[Date "2023.02.21"]
[WhiteClock "0:02:10"]
[BlackClock "0:01:48"]

1. e4 e6 2. d4 d5 3. Nd2 a6 4. c3 c5 5. Ngf3 Nf6 6. e5 Nfd7 7. Bd3 Nc6 8. O-O g5 9. Nb1 g4 10. Ne1 cxd4 11. cxd4 Nxd4 12. Qxg4 Nc6 13. f4 Qb6+ 14. Kh1 Nc5 15. Bc2 Nb4 16. Nc3 Bd7 17. Bb1 O-O-O 18. a3 Nc6 19. Qe2 Nb3 20. Be3 d4 21. Na4 Qb5 22. Qxb5 axb5 23. Nb6+ Kc7 24. Nxd7 Rxd7 25. Ra2 dxe3 26. Bd3 Bc5 27. a4 b4 28. Bb5 Rd1 29. Bc4 Nd2 0-1


[Site "https://www.chess.com"]

[Event "Titled Tuesday Blitz February 21 Late 2023"]
[White "Haszon, David"]
[Black "Grycel, Kamil"]
[WhiteFideId "733610"]
[BlackFideId "1115499"]
[WhiteElo "2264"]
[BlackElo "2315"]
[Result "0-1"]
[Round "04"]
[TimeControl "180+2"]
[Date "2023.02.21"]
[WhiteClock "0:00:02"]
[BlackClock "0:00:57"]

1. d4 b6 2. Nc3 Bb7 3. e4 e6 4. Be3 Nf6 5. f3 d5 6. e5 Ng8 7. Nce2 c5 8. c3 Ne7 9. g4 Nec6 10. h4 h5 11. g5 g6 12. Nh3 Ne7 13. Nhf4 Nf5 14. Bf2 Nc6 15. Bh3 cxd4 16. Bxf5 gxf5 17. Bxd4 Qd7 18. Nd3 Nxd4 19. Nxd4 Ba6 20. Qd2 Bg7 21. f4 Bf8 22. Rg1 Rg8 23. Rg3 Bc5 24. Nb3 Qc7 25. a3 Bc4 26. Nd4 Rc8 27. b4 Bxd4 28. cxd4 Qd7 29. Rc1 Qb5 30. Nb2 Ke7 31. Rgc3 Rgd8 32. Nxc4 dxc4 33. Rd1 Qd5 34. Qf2 Qh1+ 35. Ke2 Qe4+ 36. Kf1 b5 37. Qf3 Rxd4 38. Rxd4 Qxd4 39. Kg2 Rd8 0-1


[Site "https://www.chess.com"]

[Event "Titled Tuesday Blitz February 21 Late 2023"]
[White "Sonnenschein, Philipp"]
[Black "Li, Hui"]
[WhiteFideId "16250877"]
[BlackFideId "15400310"]
[WhiteElo "2224"]
[BlackElo "1963"]
[Result "0-1"]
[Round "04"]
[TimeControl "180+2"]
[Date "2023.02.21"]
[WhiteClock "0:00:33"]
[BlackClock "0:00:44"]

1. e4 e5 2. Nf3 Nf6 3. d4 exd4 4. e5 Ne4 5. Qxd4 d5 6. exd6 Nxd6 7. Nc3 Nc6 8. Qf4 Nf5 9. Bd2 Bd6 10. Qg5 Qxg5 11. Nxg5 O-O 12. O-O-O h6 13. Nge4 Re8 14. Nxd6 Nxd6 15. Nd5 Ne4 16. Be3 Rd8 17. Nxc7 Rxd1+ 18. Kxd1 Rb8 19. Bc4 Bd7 20. Nd5 Be6 21. Ke2 Rd8 22. Rd1 a6 23. Ne7+ Kh7 24. Nxc6 Bxc4+ 25. Rd3 bxc6 0-1


[Site "https://www.chess.com"]

[Event "Titled Tuesday Blitz February 21 Late 2023"]
[White "Antonios, Johnny"]
[Black "Coelho, Ramyres Santana"]
[WhiteFideId "5300843"]
[BlackFideId "2120690"]
[WhiteElo "2269"]
[BlackElo "1981"]
[Result "0-1"]
[Round "04"]
[TimeControl "180+2"]
[Date "2023.02.21"]
[WhiteClock "0:00:47"]
[BlackClock "0:01:54"]

1. e4 c5 2. Nf3 d6 3. d4 cxd4 4. Nxd4 Nf6 5. Nc3 a6 6. h3 e6 7. g4 b5 8. Bg2 Bb7 9. O-O Qc7 10. Re1 Nc6 11. Nd5 Nxd5 12. exd5 Nxd4 13. Qxd4 e5 14. f4 f6 15. fxe5 dxe5 16. d6 Bxd6 17. Bxb7 Bc5 18. Qxc5 Qxc5+ 19. Be3 Qxc2 20. Bxa8 O-O 21. Rad1 Qxb2 22. Bd5+ Kh8 23. Bc5 Qc3 24. Bxf8 Qxh3 25. Bg2 Qxg4 26. Rd7 Qxd7 27. Bb4 Qd4+ 0-1


[Site "https://www.chess.com"]

[Event "Titled Tuesday Blitz February 21 Late 2023"]
[White "Magallanes, Rey Jomar"]
[Black "Yeritsyan, Hayk"]
[WhiteFideId "5205948"]
[BlackFideId "13307320"]
[WhiteElo "2052"]
[BlackElo "2241"]
[Result "0-1"]
[Round "04"]
[TimeControl "180+2"]
[Date "2023.02.21"]
[WhiteClock "0:02:14"]
[BlackClock "0:01:19"]

1. e4 c6 2. d4 d5 3. e5 c5 4. Nf3 Nc6 5. dxc5 Bg4 6. Be2 e6 7. c3 Bxc5 8. b4 Bb6 9. Bf4 Nge7 10. a4 Bxf3 11. Bxf3 Ng6 12. Bg3 Ncxe5 13. a5 Bc7 14. Qa4+ Qd7 15. Qxd7+ Kxd7 16. Nd2 Nxf3+ 17. Nxf3 Bxg3 18. fxg3 Rac8 19. Kd2 Rc4 20. Rhf1 f6 21. Rac1 Rhc8 22. Nd4 Ne7 23. Kd3 e5 24. Nf5 Nxf5 25. Rxf5 d4 26. Rh5 Rxc3+ 27. Rxc3 Rxc3+ 28. Ke4 h6 29. Kf5 d3 30. Rh4 d2 31. Rg4 d1=Q 32. Rxg7+ Kc6 33. Kxf6 e4 34. Rg6 Rd3 35. Kg7+ Rd6 36. Rxh6 Rxh6 37. Kxh6 e3 38. g4 e2 39. g5 e1=Q 40. g6 Qh4+ 41. Kg7 Qd7+ 42. Kg8 Qhd8# 0-1


[Site "https://www.chess.com"]

[Event "Titled Tuesday Blitz February 21 Late 2023"]
[White "Aradhya, Garg"]
[Black "Leve, Nitai"]
[WhiteFideId "25006746"]
[BlackFideId "2006898"]
[WhiteElo "2284"]
[BlackElo "2128"]
[Result "0-1"]
[Round "04"]
[TimeControl "180+2"]
[Date "2023.02.21"]
[WhiteClock "0:00:11"]
[BlackClock "0:00:05"]

1. d4 d5 2. c4 c6 3. Nc3 Nf6 4. e3 a6 5. Nf3 Bg4 6. Qb3 Bxf3 7. Qxb7 Nbd7 8. gxf3 e6 9. Qxc6 dxc4 10. Bxc4 Bb4 11. Bd2 O-O 12. Qa4 Qe7 13. a3 Bd6 14. f4 Ng4 15. Ne4 Nb6 16. Qb3 Nxc4 17. Qxc4 Qb7 18. f3 Be7 19. Bb4 Bh4+ 20. Ke2 Nf6 21. Nxf6+ Bxf6 22. Bxf8 Rxf8 23. b4 Rc8 24. Qd3 Qd5 25. Rhc1 Rd8 26. Rc5 Qd6 27. Rac1 h6 28. Rc8 g6 29. Rxd8+ Bxd8 30. Qe4 Kh7 31. Qc6 Qe7 32. Qa8 Qh4 33. Rc8 Qxh2+ 34. Kd3 Qg1 35. Rxd8 Qb1+ 36. Kc3 Qc1+ 37. Kd3 Qb1+ 38. Ke2 Qc2+ 39. Kf1 Qd1+ 40. Kg2 Qe2+ 41. Kg3 Qe1+ 42. Kg2 Qe2+ 43. Kg3 Qe1+ 44. Kh3 Qh1+ 45. Kg3 Qg1+ 46. Kh4 Qh2+ 47. Kg4 f5# 0-1


[Site "https://www.chess.com"]

[Event "Titled Tuesday Blitz February 21 Late 2023"]
[White "Rian, Kapriaga"]
[Black "Salimova, Nurgyul"]
[WhiteFideId "7103263"]
[BlackFideId "2915138"]
[WhiteElo "2089"]
[BlackElo "2391"]
[Result "0-1"]
[Round "04"]
[TimeControl "180+2"]
[Date "2023.02.21"]
[WhiteClock "0:00:01"]
[BlackClock "0:00:05"]

1. d4 Nf6 2. Nf3 d5 3. Bf4 e6 4. e3 Bd6 5. Ne5 O-O 6. Nd2 c5 7. c3 Qc7 8. Bd3 b6 9. Qf3 Ba6 10. Bc2 Nbd7 11. Nxd7 Nxd7 12. Qh3 f5 13. Bxd6 Qxd6 14. g4 cxd4 15. exd4 e5 16. O-O-O exd4 17. Bxf5 g6 18. Bxd7 dxc3 19. g5 cxd2+ 20. Rxd2 Bc8 21. Bxc8 Raxc8+ 22. Kb1 Rf5 23. Rhd1 Qf4 24. Rxd5 Qe4+ 25. R5d3 Rd8 26. Ka1 Rxd3 27. Qxd3 Qxd3 28. Rxd3 Rxf2 29. a3 Rxh2 30. Rd8+ Kf7 31. Rd7+ Ke6 32. Rxa7 Kd6 33. Rb7 Kc6 34. Re7 Rh5 35. Re5 Kd6 36. Rb5 Kc6 37. Re5 h6 38. Re6+ Kc5 39. Rxg6 hxg5 40. Ka2 b5 41. Kb3 Rh3+ 42. Ka2 Rg3 43. Kb1 Rg2 44. Ka2 g4 45. Rg8 g3 46. Rc8+ Kd5 47. Rd8+ Ke4 0-1


[Site "https://www.chess.com"]

[Event "Titled Tuesday Blitz February 21 Late 2023"]
[White "Goncalves, Davi Sulzbacher"]
[Black "Adewumi, Tanitoluwa"]
[WhiteFideId "2154510"]
[BlackFideId "30966396"]
[WhiteElo "2282"]
[BlackElo "2283"]
[Result "1-0"]
[Round "04"]
[TimeControl "180+2"]
[Date "2023.02.21"]
[WhiteClock "0:01:30"]
[BlackClock "0:00:02"]

1. Nf3 Nf6 2. g3 d5 3. Bg2 Bf5 4. O-O e6 5. d4 h6 6. c4 c6 7. Qb3 Qb6 8. c5 Qc7 9. Bf4 Qc8 10. Nc3 Nbd7 11. Qd1 b6 12. b4 Qa6 13. b5 cxb5 14. c6 Nb8 15. a4 Nxc6 16. axb5 Qb7 17. bxc6 Qxc6 18. Ne5 Qb7 19. Qa4+ Nd7 20. e4 dxe4 21. Nxe4 1-0


[Site "https://www.chess.com"]

[Event "Titled Tuesday Blitz February 21 Late 2023"]
[White "Kielinkei"]
[Black "Poliakova, Varvara"]
[BlackFideId "13518313"]
[WhiteElo "2387"]
[BlackElo "2010"]
[Result "0-1"]
[Round "04"]
[TimeControl "180+2"]
[Date "2023.02.21"]
[WhiteClock "0:00:01"]
[BlackClock "0:00:38"]

1. e4 e5 2. Nc3 Nf6 3. f4 d5 4. fxe5 Nxe4 5. Qf3 Nc6 6. Bb5 Bd7 7. Nxe4 dxe4 8. Qxe4 Qe7 9. Nf3 O-O-O 10. d4 Qb4+ 11. Bd2 Qxb5 12. d5 Nb4 13. c4 Qa4 14. O-O Bc5+ 15. Kh1 Rhe8 16. a3 Qc2 17. Qh4 Nd3 18. b4 Be7 19. Qd4 Kb8 20. Be3 b6 21. Rad1 Bf5 22. Rd2 Qb3 23. Nh4 Bxh4 24. Qxh4 Nxe5 25. Bg5 f6 26. Qf2 fxg5 27. Qxf5 Nxc4 28. Rdf2 Ne3 29. Qf3 g4 30. Qg3 Qc3 31. Re2 Nxd5 32. Rxe8 Rxe8 33. Qxg4 Qe3 34. Qd7 Nf4 35. Qd1 Qe2 36. Qxe2 Rxe2 37. g3 Nd3 38. Rf8+ Kb7 39. Rf7 Ra2 40. Rxg7 Rxa3 41. Rxh7 Nxb4 42. g4 Ra1+ 43. Kg2 Nd5 44. g5 Ra4 45. h3 Re4 46. Kf3 Re8 47. h4 a5 48. h5 a4 49. g6 a3 50. g7 Nf6 51. Rh8 Re5 52. Rf8 a2 0-1


[Site "https://www.chess.com"]

[Event "Titled Tuesday Blitz February 21 Late 2023"]
[White "Kovalevsky, Stanislav"]
[Black "Sielecki, Christof"]
[WhiteFideId "13508598"]
[BlackFideId "4620437"]
[WhiteElo "2237"]
[BlackElo "2419"]
[Result "0-1"]
[Round "04"]
[TimeControl "180+2"]
[Date "2023.02.21"]
[WhiteClock "0:00:14"]
[BlackClock "0:00:31"]

1. c4 e6 2. e4 d5 3. exd5 exd5 4. cxd5 Nf6 5. Nc3 Nxd5 6. Bc4 Be6 7. Qb3 c6 8. Qxb7 Nd7 9. Bxd5 Bxd5 10. Nxd5 cxd5 11. Qxd5 Be7 12. Nf3 O-O 13. O-O Qc7 14. d4 Nf6 15. Qf5 Rad8 16. Bf4 Qb6 17. b3 Nd5 18. Be5 g6 19. Qh3 f6 20. Bg3 f5 21. Be5 Bf6 22. Rfe1 Bxe5 23. Nxe5 Nf4 24. Qf3 Ne6 25. Rad1 Nxd4 26. Qe3 Nc2 27. Qxb6 axb6 28. Rxd8 Rxd8 29. Rc1 Nb4 30. g3 Nxa2 31. Rc6 Nb4 32. Rxb6 Nd3 33. Kg2 Nxe5 34. Rb7 Rd2 35. h3 Nd3 36. Rd7 Rxf2+ 37. Kg1 Rf3 38. Kh2 Ne5 39. Rd4 Rxb3 40. g4 Nf3+ 0-1


[Site "https://www.chess.com"]

[Event "Titled Tuesday Blitz February 21 Late 2023"]
[White "Vovk, Orest"]
[Black "Nunez V, Gustavo Eduardo"]
[WhiteFideId "14113490"]
[BlackFideId "4403690"]
[WhiteElo "2315"]
[BlackElo "2212"]
[Result "1-0"]
[Round "04"]
[TimeControl "180+2"]
[Date "2023.02.21"]
[WhiteClock "0:00:10"]
[BlackClock "0:00:06"]

1. h4 d5 2. h5 e5 3. h6 Nxh6 4. d4 Nf5 5. dxe5 Nc6 6. Nf3 Bc5 7. Nc3 Be6 8. Bg5 Be7 9. Bxe7 Nfxe7 10. e4 d4 11. Nb5 Ng6 12. Nbxd4 Nxd4 13. Qxd4 Qxd4 14. Nxd4 Nxe5 15. Nxe6 fxe6 16. f4 Nd7 17. Bc4 Ke7 18. O-O-O h6 19. Rh5 Rhf8 20. g3 a6 21. a4 Rad8 22. a5 Nf6 23. Re5 Rxd1+ 24. Kxd1 Rd8+ 25. Ke2 Rd6 26. f5 Rc6 27. Bb3 b5 28. Kd3 Rd6+ 29. Kc3 Rc6+ 30. Kb4 Kd8 31. fxe6 Ke7 32. Rc5 Kd6 33. Rxc6+ Kxc6 34. Bd5+ Kd6 35. c4 c5+ 36. Kb3 b4 37. Bb7 Kxe6 38. Bxa6 Nxe4 39. Bc8+ Kd6 40. a6 Nd2+ 41. Ka4 Nxc4 42. Kb5 Ne5 43. a7 Nc6 44. a8=Q Nd4+ 45. Kb6 Ke5 46. Kxc5 Nf5 47. Qd5+ Kf6 48. Bxf5 Ke7 49. Qe6+ Kf8 50. Bg6 b3 51. Qf7# 1-0


[Site "https://www.chess.com"]

[Event "Titled Tuesday Blitz February 21 Late 2023"]
[White "Pinheiro, Iung Alicio de O."]
[Black "Koziol, Kamil"]
[WhiteFideId "2104350"]
[BlackFideId "1161555"]
[WhiteElo "2306"]
[BlackElo "2286"]
[Result "1/2-1/2"]
[Round "04"]
[TimeControl "180+2"]
[Date "2023.02.21"]
[WhiteClock "0:00:05"]
[BlackClock "0:00:17"]

1. e4 c5 2. Nf3 e6 3. d3 Nc6 4. g3 d5 5. Qe2 Be7 6. Bg2 Nf6 7. O-O O-O 8. e5 Nd7 9. c4 Qc7 10. Bf4 dxc4 11. dxc4 b6 12. Nc3 a6 13. Rad1 Bb7 14. Nd5 Qd8 15. Nxe7+ Qxe7 16. Rd6 Rad8 17. Rfd1 h6 18. h4 Rfe8 19. h5 Nf8 20. R1d2 Rxd6 21. exd6 Qd7 22. Ne5 Nxe5 23. Bxe5 Bxg2 24. Kxg2 f6 25. Bf4 e5 26. Be3 Ne6 27. Rd5 Qc6 28. Qf3 Rd8 29. d7 Nd4 30. Bxd4 cxd4 31. Qf5 Kf8 32. b3 b5 33. f4 bxc4 34. bxc4 Qxc4 35. Qe4 Qc6 36. fxe5 Rxd7 37. Rxd4 Qxe4+ 38. Rxe4 fxe5 39. Rxe5 Rd2+ 40. Kf3 Rxa2 41. Re6 Kf7 42. Rb6 Ra5 43. g4 Ra3+ 44. Kf4 Ra1 45. Kf5 a5 46. Rb7+ Kf8 47. Ra7 a4 48. Kg6 a3 49. Ra8+ Ke7 50. Kxg7 Rg1 51. Kxh6 Rxg4 52. Rxa3 Kf7 53. Ra7+ Kg8 54. Ra8+ Kf7 55. Ra6 Rg1 56. Rg6 Rh1 57. Rg2 Kf8 58. Rg5 Kf7 59. Kh7 Kf6 60. Ra5 Kf7 61. h6 Kf8 62. Rg5 Kf7 63. Rg7+ Kf8 64. Rg6 Kf7 65. Ra6 Rf1 66. Kh8 Kf8 67. h7 Kf7 68. Ra8 Rf2 69. Rg8 Rf1 70. Rg7+ Kf8 71. Rg3 Rf2 72. Ra3 Kf7 73. Ra8 Rf1 74. Rb8 Rf2 75. Rb7+ Kf8 76. Rg7 Rf1 77. Rg8+ Kf7 78. Rg2 Kf8 79. Ra2 Kf7 80. Ra7+ Kf8 81. Ra6 Kf7 82. Ra8 Rf2 83. Rb8 Rf1 84. Rc8 Rf2 85. Rd8 Rf1 86. Rd7+ Kf8 87. Rg7 Rf2 88. Rg1 Kf7 89. Rg3 Rf1 90. Ra3 Kf8 91. Ra6 1/2-1/2


[Site "https://www.chess.com"]

[Event "Titled Tuesday Blitz February 21 Late 2023"]
[White "Cori T., Deysi"]
[Black "Krzywda, Andrzej"]
[WhiteFideId "3801934"]
[BlackFideId "1114565"]
[WhiteElo "2362"]
[BlackElo "2223"]
[Result "1-0"]
[Round "04"]
[TimeControl "180+2"]
[Date "2023.02.21"]
[WhiteClock "0:00:38"]
[BlackClock "0:00:01"]

1. d4 Nf6 2. Nf3 c5 3. e3 g6 4. Nbd2 Bg7 5. dxc5 O-O 6. Nb3 Qc7 7. Nfd4 Na6 8. Bxa6 bxa6 9. O-O Bb7 10. f3 a5 11. a4 Nd5 12. e4 Nb4 13. Be3 Be5 14. h3 Na6 15. Nb5 Qb8 16. c3 Bc6 17. Qd3 Nc7 18. c4 Ne6 19. Nxa5 Nf4 20. Bxf4 Bxf4 21. Nd4 Qe5 22. b4 Qg5 23. Ne2 Bc7 24. f4 Qh5 25. Nb3 f5 26. e5 Be4 27. Qe3 Qh6 28. Nd2 Bxe5 29. Rae1 Bf6 30. Nxe4 fxe4 31. Qxe4 Rab8 32. b5 Qh5 33. Qd5+ e6 34. Qxh5 gxh5 35. Rd1 Rf7 36. Nc1 Be7 37. Nb3 Rc8 38. Rxd7 Bxc5+ 39. Nxc5 Rxc5 40. Rxf7 Kxf7 41. Rc1 h4 42. Kf2 Kf6 43. Ke3 Kf5 44. a5 e5 45. fxe5 Rxe5+ 46. Kd4 Re2 47. Rg1 Ke6 48. Kc5 Kd7 49. a6 Kc7 50. Rf1 Re5+ 51. Kd4 Re7 52. Rf6 Rg7 53. Rf2 Rd7+ 54. Kc5 Rg7 55. Rd2 Rg5+ 56. Kb4 Kb6 57. c5+ Kc7 58. Rc2 Rg3 59. Ka5 h5 60. b6+ Kc6 61. bxa7 Rg8 62. Rb2 Ra8 63. Rb7 Kxc5 64. Rh7 Kc6 65. Rh6+ Kc7 66. Rxh5 Kc6 67. Rh7 Kc5 68. Rc7+ Kd6 69. Kb6 Rh8 70. Kb7 1-0


[Site "https://www.chess.com"]

[Event "Titled Tuesday Blitz February 21 Late 2023"]
[White "Guzman, Christopher"]
[Black "Sarkar, Justin"]
[WhiteFideId "6405096"]
[BlackFideId "2010011"]
[WhiteElo "2271"]
[BlackElo "2309"]
[Result "1-0"]
[Round "04"]
[TimeControl "180+2"]
[Date "2023.02.21"]
[WhiteClock "0:02:06"]
[BlackClock "0:00:01"]

1. e4 c5 2. Nf3 d6 3. d4 cxd4 4. Nxd4 Nf6 5. Nc3 a6 6. h4 Nc6 7. Bg5 e6 8. Qd2 h6 9. Nxc6 bxc6 10. Bf4 d5 11. a3 Nxe4 12. Nxe4 dxe4 13. Qc3 c5 14. Bc4 Be7 15. Be5 Bf6 16. Rd1 Bd7 17. O-O O-O 18. Bxf6 gxf6 19. Qd2 Bc6 20. Qxh6 Qe7 21. Rde1 f5 22. Re3 f4 23. Qxf4 f5 24. Rg3+ Kf7 25. Qe5 1-0


[Site "https://www.chess.com"]

[Event "Titled Tuesday Blitz February 21 Late 2023"]
[White "Skaric, Djuro"]
[Black "Fieberg, Samuel"]
[WhiteFideId "934569"]
[BlackFideId "12901717"]
[WhiteElo "2334"]
[BlackElo "2157"]
[Result "0-1"]
[Round "04"]
[TimeControl "180+2"]
[Date "2023.02.21"]
[WhiteClock "0:00:22"]
[BlackClock "0:00:25"]

1. g3 d5 2. Bg2 c5 3. d3 Nc6 4. Nf3 e5 5. Nc3 Nge7 6. e4 d4 7. Ne2 h5 8. h3 Ng6 9. Bg5 f6 10. Bd2 Be6 11. a3 Qd7 12. Qb1 b5 13. c3 a5 14. cxd4 cxd4 15. b4 axb4 16. axb4 Rxa1 17. Qxa1 Nxb4 18. O-O Nxd3 19. Rb1 Bc4 20. Qa8+ Kf7 21. Bf1 Bc5 22. Qa6 h4 23. g4 Qd6 24. Qb7+ Ne7 25. Rxb5 Bxb5 26. Qxb5 Nb4 27. Qc4+ Kg6 28. g5 f5 29. exf5+ Nxf5 30. Nxe5+ Qxe5 31. Bxb4 Bxb4 32. Qxb4 Kxg5 33. Qd2+ Kf6 34. Nf4 g5 35. Ng2 Rc8 36. Bd3 Rc6 37. Ne1 Qf4 38. Qd1 Rc1 39. Qxc1 Qxc1 40. Kf1 Qc3 41. Ke2 Ne7 42. Nf3 Nd5 43. Nd2 Nf4+ 44. Kf3 Qxd3+ 45. Kg4 Qe2+ 46. f3 Qe6# 0-1


[Site "https://www.chess.com"]

[Event "Titled Tuesday Blitz February 21 Late 2023"]
[White "Klenburg, Michael"]
[Black "Abdyzhaparov, Aidar"]
[WhiteFideId "14102072"]
[BlackFideId "13800361"]
[WhiteElo "2325"]
[BlackElo "1978"]
[Result "1-0"]
[Round "04"]
[TimeControl "180+2"]
[Date "2023.02.21"]
[WhiteClock "0:00:42"]
[BlackClock "0:00:02"]

1. e4 d6 2. d4 Nf6 3. Nc3 e5 4. Nge2 Nbd7 5. f3 Be7 6. Be3 c6 7. Qd2 b5 8. g4 b4 9. Nd1 a5 10. Ng3 g6 11. Nf2 h5 12. h3 h4 13. Ne2 Bb7 14. Bg2 d5 15. O-O exd4 16. Nxd4 c5 17. Nb5 Qb6 18. a4 dxe4 19. fxe4 Ne5 20. Bf4 Nfd7 21. Rad1 f6 22. b3 g5 23. Bh2 Bc6 24. Nd3 Bxb5 25. axb5 O-O-O 26. Nxe5 Nxe5 27. Qe2 c4+ 28. Kh1 c3 29. Rd5 Rxd5 30. exd5 Qd6 31. Qe3 Bd8 32. Bg1 Nxg4 33. hxg4 h3 34. Bf3 h2 35. Bf2 Rh3 36. Qe2 Bb6 37. Bg2 1-0


[Site "https://www.chess.com"]

[Event "Titled Tuesday Blitz February 21 Late 2023"]
[White "Veiga, Jose Francisco R P Neves"]
[Black "Kovacs, Klara"]
[WhiteFideId "1930087"]
[BlackFideId "733210"]
[WhiteElo "2406"]
[BlackElo "2121"]
[Result "1-0"]
[Round "04"]
[TimeControl "180+2"]
[Date "2023.02.21"]
[WhiteClock "0:01:10"]
[BlackClock "0:00:12"]

1. b3 e5 2. Bb2 d6 3. c4 Nc6 4. e3 Nf6 5. d3 Be7 6. Nf3 O-O 7. Be2 Bg4 8. O-O Qd7 9. h3 Bxf3 10. Bxf3 Nd8 11. d4 e4 12. Be2 c6 13. d5 c5 14. Nc3 Re8 15. Qc2 Qf5 16. f3 Qg5 17. f4 Qg3 18. Qd2 b6 19. Bd1 Nb7 20. Bc2 Bf8 21. Qf2 Qg6 22. g4 h6 23. Kh1 a6 24. a4 Na5 25. Qg2 Rab8 26. f5 Qg5 27. Rf4 Nd7 28. Nxe4 Qd8 29. f6 g6 30. g5 h5 31. Bc3 Ne5 32. Nd2 Qd7 33. Kh2 Nb7 34. Nf3 Nxf3+ 35. Qxf3 b5 36. axb5 axb5 37. Rh4 bxc4 38. bxc4 Ra8 39. Rxh5 Rxa1 40. Bxa1 Ra8 41. Bxg6 Ra2+ 42. Kg3 Rxa1 43. Bh7+ Kh8 44. Bf5+ Kg8 45. Bxd7 Rg1+ 46. Kh2 1-0


[Site "https://www.chess.com"]

[Event "Titled Tuesday Blitz February 21 Late 2023"]
[White "Rios Escobar, Adan"]
[Black "Kokoszczynski, Jan"]
[WhiteFideId "3403645"]
[BlackFideId "1174460"]
[WhiteElo "2234"]
[BlackElo "2247"]
[Result "1-0"]
[Round "04"]
[TimeControl "180+2"]
[Date "2023.02.21"]
[WhiteClock "0:00:07"]
[BlackClock "0:00:01"]

1. d4 d5 2. Nf3 Nf6 3. g3 c6 4. c4 dxc4 5. Bg2 Bf5 6. O-O e6 7. a4 a5 8. Ne5 Nbd7 9. Nxc4 Nb6 10. Ne5 Be7 11. Nc3 O-O 12. e4 Bg6 13. Be3 Nbd7 14. Nxg6 hxg6 15. h4 Nb6 16. Qe2 Bb4 17. Rfd1 Qe7 18. Bg5 Qd7 19. Bxf6 gxf6 20. h5 Kg7 21. Bf3 Rh8 22. Kg2 Rag8 23. Rd3 Be7 24. d5 cxd5 25. exd5 e5 26. d6 Bd8 27. Nb5 Re8 28. Rb3 f5 29. hxg6 fxg6 30. Qd2 e4 31. Be2 f4 32. gxf4 Bf6 33. Rg3 Rh4 34. Rg1 Rg8 35. Kf1 Kh7 36. Bg4 Qc6 37. Be6 Rg7 38. f5 g5 39. b3 Qc5 40. Kg2 Qe5 41. Rh1 Kh8 42. Rgh3 e3 43. Qxe3 1-0


[Site "https://www.chess.com"]

[Event "Titled Tuesday Blitz February 21 Late 2023"]
[White "Sadovsky, Artem"]
[Black "Smith, Garrett L"]
[WhiteFideId "4155840"]
[BlackFideId "2024829"]
[WhiteElo "2276"]
[BlackElo "2047"]
[Result "1-0"]
[Round "04"]
[TimeControl "180+2"]
[Date "2023.02.21"]
[WhiteClock "0:00:31"]
[BlackClock "0:00:07"]

1. Nf3 c5 2. e3 Nc6 3. b3 g6 4. Bb2 Nf6 5. g4 Bg7 6. g5 Nh5 7. Bxg7 Nxg7 8. h4 d5 9. Bb5 Bg4 10. d3 O-O 11. Bxc6 bxc6 12. Nbd2 e5 13. Qc1 e4 14. dxe4 dxe4 15. Ne5 Bf5 16. Ndc4 Qc7 17. Qa3 Rad8 18. Qxc5 Rd5 19. Qxc6 Qd8 20. h5 Ne6 21. hxg6 hxg6 22. Rg1 Rxe5 23. Nxe5 Qa5+ 24. Ke2 Qxe5 25. Rad1 Qh2 26. Rg3 Qh5+ 27. Ke1 Nxg5 28. Qf6 Nf3+ 29. Kf1 Bh3+ 30. Ke2 Bg4 31. Rd5 Qh1 32. Rd1 Qh5 33. Rd5 g5 34. Kd1 Nd4+ 35. Kc1 Ne2+ 36. Kb2 Nxg3 37. Rxg5+ Kh7 38. Qg7# 1-0


[Site "https://www.chess.com"]